 Dungeon Crawl Stone Soup version 0.29-a0-824-gd827844252 (webtiles) character file.

Game seed: 9284959869406275929

40 coolguy69 the Cutter (level 3, -1/20 HPs)
             Began as a Vine Stalker Monk on July 10, 2022.
             Succumbed to an adder's poison
             ... on level 2 of the Dungeon.
             The game lasted 00:00:48 (1712 turns).

coolguy69 the Cutter (Vine Stalker Monk)            Turns: 1712, Time: 00:00:48

Health: -1/20      AC:  2    Str: 15    XL:     3   Next: 50%
Magic:  1/4        EV: 13    Int: 10    God:
Gold:   70         SH:  0    Dex: 16    Spells: 2/2 levels left

rFire   . . .      SeeInvis .   a - +0 short sword
rCold   . . .      Faith    .   (no shield)
rNeg    . . .      Spirit   +   b - +0 robe
rPois   .          Reflect  .   (no helmet)
rElec   .          Harm     .   (no cloak)
rCorr   .          Rampage  .   (no gloves)
Will    .....                   (no boots)
Stlth   ++........              (no amulet)
HPRegen 0.06/turn               (no ring)
MPRegen 0.09/turn               (no ring)

@: lethally poisoned (-1 -> -8)
A: fangs 2, magic shield, antimagic bite, no potion heal 2
a: no special abilities


You were on level 2 of the Dungeon.
You visited 1 branch of the dungeon, and saw 2 of its levels.

You collected 70 gold pieces.

Inventory:

Hand Weapons
 a - a +0 short sword (weapon)
Missiles
 j - a throwing net (quivered)
Armour
 b - a +0 robe (worn)
Scrolls
 f - a scroll of fog {unknown}
 i - a scroll of vulnerability {unknown}
 k - a scroll of teleportation {unknown}
Potions
 c - a potion of ambrosia
 d - a potion of haste {unknown}
 e - a potion of cancellation {unknown}
 g - a potion of brilliance {unknown}
 h - a potion of curing {unknown}
 l - a potion of heal wounds {unknown}


   Skills:
 + Level 3.0 Fighting
 + Level 3.2 Short Blades
 + Level 2.7 Dodging
 + Level 3.1 Stealth


You had 2 spell levels left.
You didn't know any spells.
Your spell library contained the following spells:

 Spells                   Type           Power      Damage    Failure   Level
 Beastly Appendage        Tmut           0%         N/A       36%         1
 Wereblood                Tmut           0%         N/A       50%         2
 Spider Form              Tmut/Pois      0%         N/A       75%         3


Dungeon Overview and Level Annotations

Branches:
Dungeon (2/15)

Altars:


Innate Abilities, Weirdness & Mutations

You have extremely sharp teeth.
When hurt, damage is shared between your health and your magic reserves.
Your bite disrupts and absorbs the magic of your enemies.
Potions cannot restore your health.


Message History

You barely miss the kobold. You bite the kobold. You drain its power.
You feel invigorated.
The kobold is moderately wounded.
The jackal misses you. The jackal barely misses you.
The jackal closely misses you. The kobold barely misses you.
You hit the kobold.
You kill the kobold!
The jackal closely misses you. The jackal bites you. x2
You hit the jackal.
The jackal is heavily wounded.
The jackal bites you. x2
You barely miss the jackal.
The jackal is heavily wounded.
The jackal bites you.
The jackal bites you but does no damage.
You closely miss the jackal. Your bite misses the jackal.
The jackal is heavily wounded.
The jackal closely misses you. x2; The jackal misses you.
You closely miss the jackal. You bite the jackal, but do no damage.
The jackal is heavily wounded.
The jackal bites you. The adder closely misses you.
The jackal bites you but does no damage.
The jackal misses you. The adder closely misses you.
You hit the jackal.
The jackal is severely wounded.
The jackal misses you. The jackal bites you. The adder bites you.
You are poisoned.
The adder poisons you!
You barely miss the jackal.
The jackal is severely wounded.
You feel sick. The jackal misses you. The jackal barely misses you.
The adder bites you.
You are lethally poisoned!
The adder poisons you! The jackal bites you.
* * * LOW HITPOINT WARNING * * *
The jackal attacks as you move away! The jackal closely misses you.
* * * LOW HITPOINT WARNING * * *
You feel sick. The jackal bites you.
* * * LOW HITPOINT WARNING * * *
You die...

....... ....... .......
.!..... ## ...<.#########
.. #### #.)h(......# ..###
#..# #hS.......#
....#######.#####........#
..†.............@........#
##..########..###.....?..#
#.....######.......#####
##.##......##...##.#
#.....###....#..#.##
#.....#.....###.#..#
###.......###..##.##.##
............##.##..#..##
###.....###.##.....##..#


You could see an adder and a jackal.

Vanquished Creatures
  An adder (D:2)
  A worm (D:2)
  6 endoplasms
  2 giant cockroaches (D:1)
  2 goblins (D:2)
  2 hobgoblins (D:1)
  2 jackals (D:2)
  A ball python (D:1)
  A bat (D:1)
  A frilled lizard (D:1)
  2 kobolds
  6 rats
27 creatures vanquished.

Notes
Turn   | Place    | Note
-------+----------+-------------------------------------------
     0 | D:1      | coolguy69 the Vine Stalker Monk began the quest for the
                  | Orb.
     0 | D:1      | Reached XP level 1. HP: 11/11 MP: 2/2
   453 | D:1      | Reached XP level 2. HP: 16/16 MP: 3/3
  1587 | D:2      | Reached XP level 3. HP: 16/19 MP: 2/4
  1711 | D:2      | HP: 1/20 [jackal (2)]
  1712 | D:2      | Succumbed to an adder's poison

Illustrated notes

Levels and vault maps discovered:
D:1:      lightli_arrival_isolated_outpost, layout_loops_cross, moated_statue,
          nrook_campfire
D:2:      layout_rooms, grunt_decor_arrowhead

Skill      XL: |  1  2  3 |
---------------+----------+-----
Short Blades   | 3 |  3.2
Stealth        | 3 |  3.1
Fighting       | 3 |  3.0
Dodging        | |  2.7

Action                   || total
-------------------------++-------
Melee: Short sword       ||    68
       Bite              ||    17
 Stab: Sleeping          ||     9
Armor: Robe              ||     6
Dodge: Dodged            ||    42

Table legend: (Time is in decaauts)
 A = Elapsed time spent in this place.
 B = Non-inter-level travel time spent in this place.
 C = Inter-level travel time spent in this place.
 D = Time resting spent in this place.
 E = Time spent auto-exploring this place.
 F = Levels seen in this place.
 G = Mean time per level.
                   A        B        C        D        E       F      G
               +--------+--------+--------+--------+--------+-----+--------+
         Total |   1714 |   1698 |     16 |    487 |   1011 |   2 |  857.0 |
       Dungeon |   1714 |   1698 |     16 |    487 |   1011 |   2 |  857.0 |
               +--------+--------+--------+--------+--------+-----+--------+

Top non-repeatable levels by time:
     D:1: 1003 daAuts
     D:2: 710 daAuts
